[Event "81st Georgian Women-ch 2024"]
[Site "Tbilisi"]
[Date "2024.02.11"]
[Round "3.3"]
[White "Batsiashvili, Nino"]
[Black "Arabidze, Meri"]
[Result "1-0"]
[ECO "B28"]
[WhiteElo "2451"]
[BlackElo "2466"]
[Annotator "TA"]
[PlyCount "153"]
[EventDate "2024.02.09"]
[EventCountry "GEO"]
[SourceTitle "playchess.com"]
[Source "ChessBase"]
[SourceQuality "1"]
[TimeControl "5400+30"]

1. e4 c5 2. Nf3 a6 3. d4 cxd4 4. Be2 d6 5. Nxd4 Nf6 6. Qd3 Nbd7 7. Nd2 g6 8. c4 Bg7 9. h3 Nc5 10. Qe3 e5 11. Nc2 O-O 12. O-O Rb8 13. Bf3 Bd7 14. b3 Qe7 15. Ba3 b6 16. Nb1 Bc6 17. Nc3 a5 18. Rad1 Rbd8 19. Rfe1 Qb7 20. Bb2 Ne8 21. Nd5 Kh8 22. a3 b5 23. cxb5 Bxb5 24. b4 Na4 25. Qb3 Nxb2 26. Qxb2 Ba4 27. Rc1 axb4 28. axb4 Nc7 29. Nxc7 Qxc7 30. Na3 Qb6 (30... Qe7 $1 $11 {keeps the balance.}) 31. b5 $1 $16 d5 (31... Qd4 $16 32. Qa2 Rc8) 32. Rc6 $1 $18 ({Weaker is} 32. exd5 e4 33. Qb4 exf3 $11) 32... Qd4 33. Qxd4 exd4 34. exd5 d3 (34... Bb3 {was worth a try.} 35. d6 Bh6) 35. Rb1 $1 $18 Rfe8 36. Ra6 (36. Rc4 $1 $18 {[%cal Rc4a4] and the rest is easy.} d2 37. Rxa4 Re1+ 38. Kh2) 36... Bc2 $16 37. Nxc2 dxc2 38. Rc1 Rb8 ({Wrong is} 38... Rc8 $2 39. Rc6 $18) 39. Rxc2 Rxb5 40. g3 Rb2 41. Rxb2 Bxb2 42. Ra7 $1 Kg7 43. d6 Re6 44. d7 Rd6 45. Bc6 Bf6 46. Rc7 h5 47. Rc8 h4 {[%emt 0:00:00] [#]} 48. g4 $1 g5 49. Kf1 Be7 50. Ke2 f5 51. gxf5 Kf6 52. Ke3 Kxf5 53. Bf3 Kf6 54. Bg4 Kf7 55. Re8 Bf6 56. Bf5 Be7 57. Ke4 Bf6 58. Kf3 Be7 59. Rh8 Kg7 60. Rh7+ Kf6 (60... Kf8 $16 61. Kg4 Bf6) 61. Ke4 $18 Rd2 62. Rh8 Kg7 63. Rc8 Kf7 64. Re8 Kf6 65. Bg4 Kf7 66. f3 Kf6 67. Rc8 Kf7 68. Rc7 Kf6 69. Rc6+ Kf7 $2 {[%emt 0:00:17] [#]} (69... Kg7 70. Ke3 Rd1) 70. Be6+ $1 $18 Kg7 71. Bd5 Re2+ 72. Kf5 Rd2 73. Ke6 Bf6 74. Rc7 Bd8 75. Rc8 Re2+ 76. Kf5 g4 77. Rxd8 1-0

[Event "81st Georgian Women-ch 2024"]
[Site "Tbilisi"]
[Date "2024.02.11"]
[Round "3.4"]
[White "Tsetskhladze, Mariam"]
[Black "Javakhishvili, Lela"]
[Result "1/2-1/2"]
[ECO "B06"]
[WhiteElo "1912"]
[BlackElo "2433"]
[Annotator "TA"]
[PlyCount "95"]
[EventDate "2024.02.09"]
[EventCountry "GEO"]
[SourceTitle "playchess.com"]
[Source "ChessBase"]
[SourceQuality "1"]
[TimeControl "5400+30"]

1. e4 g6 2. d4 Bg7 3. g3 d6 4. Bg2 Nf6 5. Ne2 O-O 6. O-O e5 7. c3 Nbd7 8. h3 Qe7 9. Qc2 c6 {[%emt 0:04:19] The position is equal.} 10. a4 Re8 11. Nd2 d5 12. f4 (12. exd5 $11 Nxd5 13. a5) 12... Nxe4 ({Black should play} 12... exd4 $17 {aiming for ...d3.} 13. e5 Nxe5 (13... dxc3 14. bxc3 Nxe5 15. fxe5 $11) 14. fxe5 Qxe5 15. Nxd4 Qxg3) 13. fxe5 $11 Nxd2 14. Bxd2 f6 15. exf6 Nxf6 16. Rae1 Bf5 17. Qc1 Qd7 18. Nf4 h5 19. h4 Ne4 20. Kh2 b6 21. Be3 Nf6 22. Bf3 a5 (22... Re7 $15) 23. Bd2 Rf8 24. Qd1 Rac8 25. Qb3 Rb8 26. c4 Rfd8 27. cxd5 cxd5 28. Re5 (28. Bxd5+ $14 Nxd5 29. Nxd5) 28... Qf7 (28... Kh8 $11) 29. Nxd5 $14 {[%emt 0:00:29] White has more active pieces.} (29. Bxd5 Rxd5 30. Nxd5 Ng4+ 31. Kg1 Nxe5 32. dxe5 Kh8 $19 (32... Rd8 33. Ne7+ Kf8 34. Nxf5 $16)) 29... Kh8 (29... Ng4+ 30. Bxg4 Bxe5 31. Ne7+ Kf8 32. Nxg6+ Bxg6 33. Rxf7+ Bxf7 34. Be6 $18) 30. Re7 $36 {[%emt 0:00:30][%mdl 2048] White has the initiative.} Qg8 {[%emt 0:00:36][%mdl 8192] [#] Black is weak on the dark squares} (30... Qf8 $14) 31. Bf4 $2 (31. Bh6 Ne8 (31... Bxh6 $2 32. Nxf6 $18) 32. Qe3) 31... Rbc8 $2 (31... Nxd5 {is more resistant.} 32. Bxd5 Qxd5 33. Qxd5 Rxd5 34. Bxb8 Rxd4) 32. Be5 Rc6 33. Qe3 $4 (33. Qb5 $18 Rc2+ 34. Kg1 Rxd5 35. Bxd5 Qxd5 36. Qxd5 (36. Qxb6 $2 Qg2#) 36... Nxd5 37. Rxg7 (37. Bxg7+ Kg8 $18)) 33... Rxd5 $19 (33... Nxd5 34. Bxd5 (34. Rxg7 Nxe3 35. Rd7+ Qg7 $18) 34... g5 35. Bxg8 (35. Bxc6 Qh7 36. Bxg7+ Qxg7 37. Rxg7 Kxg7 38. Qe7+ Kh6 39. Qxg5+ Kh7 40. Qxf5+ Kg8 41. Be4 Rxd4 42. Qh7#) 35... Rf8 36. Rxg7 (36. Bxg7+ Kxg8 37. Qb3+ Re6 38. Rxf5 Rxf5 39. Qxe6+ Rf7 40. Qxf7+ Kh7 41. Qxh5+ Kg8 42. Qh8#) 36... Rc2+ 37. Rf2 Rxf2+ 38. Qxf2 Rxg8 39. Qxf5 (39. Rxg5+ Rg7 40. Bxg7+ Kg8 41. Qxf5 b5 42. Be5#) 39... Rxg7 40. Qf8+ Kh7 41. Qxg7#) 34. Bxf6 $2 (34. Bxd5 $17 Qxd5 35. Kg1) 34... Rxf6 35. Re8 Rd8 $4 (35... Rf8 $1 $19 {[%cal Rf8e8] and life is good for Black.} 36. Rxf8 Bxf8 37. Bxd5 Qxd5) 36. Rxg8+ $18 Kxg8 (36... Rxg8 $142 37. d5 Rgf8) 37. d5 Bg4 38. Bg2 {[%emt 0:01:32] [#] Rxf6 is the strong threat.} Rxf1 39. Bxf1 Rd6 40. b3 Kh7 41. Bg2 Bf8 {[%emt 0:00:00] Prevents Qe7+} 42. Qe5 Kg8 43. Be4 (43. Bh3 $18 {And now Bxg4 would win.} Bxh3 44. Kxh3) 43... Kf7 $16 44. Kg2 Rf6 {[%emt 0:00:00] Prevents Bf3} 45. Qc7+ Kg8 46. Qd8 Kg7 47. Qc7+ Kg8 48. Qd8 {[%emt 0:00:00] Weighted Error Value: White=0.65/Black=0.47.  Loses game:     	White=1     	Black=1      Missed win:     	White=2     	Black=1      Mistake:       	White=4     	Black=5      Inaccurate:     	White=6     	Black=4      OK:         	White=12    	Black=12     Best:        	---       	Black=5} (48. Qc3 $16 Be7 49. d6 Rxd6 50. Bf3) 1/2-1/2

[Event "81st Georgian Women-ch 2024"]
[Site "Tbilisi"]
[Date "2024.02.11"]
[Round "3.5"]
[White "Kirtadze, Anastasia"]
[Black "Lomaia, Diana"]
[Result "1-0"]
[ECO "B48"]
[WhiteElo "1981"]
[BlackElo "2037"]
[Annotator "NA RC"]
[PlyCount "113"]
[EventDate "2024.02.09"]
[EventCountry "GEO"]
[SourceTitle "playchess.com"]
[Source "ChessBase"]
[SourceQuality "1"]
[TimeControl "5400+30"]

1. e4 c5 2. Nf3 e6 3. d4 cxd4 4. Nxd4 Nc6 5. Nc3 Qc7 6. Be3 a6 7. Qd2 Nf6 8. f3 Be7 9. g4 b5 10. O-O-O O-O 11. h4 Ne5 12. Qh2 Bd6 13. Qg2 Bb4 14. Nb1 Nc4 15. Bxc4 bxc4 16. c3 Bd6 17. h5 Bf4 18. Qd2 Bxe3 19. Qxe3 Rb8 20. g5 Ne8 21. Rdg1 Qb6 22. Rg2 Qc7 23. g6 fxg6 24. hxg6 hxg6 25. e5 d6 26. Qg5 Qf7 27. Nc6 Rb7 28. Nd8 Qf4+ 29. Qxf4 Rxf4 30. Nxb7 Bxb7 31. Rxg6 Kf7 32. exd6 Nxd6 33. Rhg1 Nf5 34. R6g4 Rxf3 35. Rxc4 Kf6 36. Nd2 Re3 37. Rcg4 Bd5 38. c4 Bc6 39. c5 Re5 40. b4 Re2 41. a3 Ba4 42. Re4 Ne3 43. Rd4 g5 44. Rd6 Nf5 45. Rxa6 Bb5 46. Ra7 Nd4 47. a4 Bd3 48. Rg3 Bf5 49. Rd7 Nc6 50. b5 Ne5 51. Rd6 Ke7 52. b6 Re1+ 53. Kb2 Nd7 54. Rxd7+ Kxd7 55. b7 Kc7 56. Rb3 Kb8 57. c6 1-0

[Event "81st Georgian Women-ch 2024"]
[Site "Tbilisi"]
[Date "2024.02.12"]
[Round "4.1"]
[White "Melia, Salome"]
[Black "Lomaia, Diana"]
[Result "1/2-1/2"]
[ECO "B22"]
[WhiteElo "2355"]
[BlackElo "2037"]
[Annotator "RC"]
[PlyCount "88"]
[EventDate "2024.02.08"]
[EventType "tourn"]
[EventCountry "GEO"]
[SourceTitle "playchess.com"]
[Source "ChessBase"]
[SourceQuality "1"]
[TimeControl "40/5400+30:1800+30"]

1. e4 c5 2. Nf3 g6 3. c3 d5 4. e5 Nc6 5. d4 cxd4 6. cxd4 Bg4 7. Bb5 Rc8 8. h3 Bxf3 9. Qxf3 e6 10. Nc3 a6 11. Bxc6+ Rxc6 12. O-O h5 13. Be3 Nh6 14. Rac1 Nf5 15. Na4 Rxc1 16. Rxc1 Be7 17. Nc5 Bxc5 18. Rxc5 O-O 19. Qd1 Nxe3 20. fxe3 Qg5 21. Qf3 Qh4 22. Kh2 Qe1 23. Rc2 Qb1 24. Rf2 Qxa2 25. g4 hxg4 26. hxg4 Qb1 27. Kg3 b5 28. Rf1 Qd3 29. Qf4 Qe4 30. Qh6 g5 31. Qxg5+ Qg6 32. Qxg6+ fxg6 33. Ra1 Ra8 34. b4 g5 35. Rc1 Ra7 36. Rc6 Kf7 37. Kf3 a5 38. bxa5 Rxa5 39. Rc7+ Kf8 40. Rb7 Kg8 41. Re7 Ra6 42. Rb7 Ra5 43. Re7 Ra6 44. Rb7 Ra5 1/2-1/2

[Event "81st Georgian Women-ch 2024"]
[Site "Tbilisi"]
[Date "2024.02.12"]
[Round "4.2"]
[White "Javakhishvili, Lela"]
[Black "Kirtadze, Anastasia"]
[Result "1-0"]
[ECO "D34"]
[WhiteElo "2433"]
[BlackElo "1981"]
[Annotator "TA"]
[PlyCount "49"]
[EventDate "2024.02.08"]
[EventType "tourn"]
[EventCountry "GEO"]
[SourceTitle "playchess.com"]
[Source "ChessBase"]
[SourceQuality "1"]
[TimeControl "40/5400+30:1800+30"]

1. d4 Nf6 2. g3 e6 3. Bg2 c5 4. Nf3 Nc6 5. O-O Be7 6. c4 cxd4 7. Nxd4 d5 8. Nc3 O-O 9. cxd5 exd5 10. Be3 Be6 11. Rc1 Ng4 12. Bf4 g5 13. Nxe6 {[%emt 0:05:35] White is slightly better.} fxe6 14. Bd2 {[%emt 0:03:05] This pair of bishops is nice.} Nge5 15. Na4 Nc4 ({Better is} 15... Rc8 $14) 16. Be1 ({White should play} 16. Bh3 $16) 16... Bf6 {[%emt 0:03:58] [#]} (16... N4e5 $14) 17. e4 $1 $18 Nxb2 (17... Nb6 {might work better.} 18. Nc5 (18. Nxb6 Qxb6 19. exd5 Rad8 $18) 18... dxe4) 18. Nxb2 Bxb2 19. Rb1 Bd4 (19... Bg7 20. exd5 (20. Rxb7 d4 $18) 20... exd5 21. Rxb7 (21. Qxd5+ Kh8 $18) (21. Bxd5+ Kh8 $18) 21... Kh8 22. Qxd5 (22. Bxd5 Qf6 $18) 22... Qxd5 23. Bxd5 Rac8) 20. exd5 exd5 21. Rxb7 Kh8 22. Qh5 Bg7 {[%emt 0:00:24] [#]} 23. Bc3 $1 Rg8 {[%emt 0:04:05] [#]} (23... d4 24. Be4) 24. Rd1 $1 Ne7 (24... Qe8 25. Rxg7) 25. Be4 {[%emt 0:01:29] Black did not feel at home in the position after the opening.   Weighted Error Value: White=0.10 (very precise) /Black=1.12.  Mistake:       	White=1     	Black=4      Inaccurate:     	---       	Black=1      OK:         	White=6     	Black=1      Best:        	White=1     	---} 1-0

[Event "81st Georgian Women-ch 2024"]
[Site "Tbilisi"]
[Date "2024.02.12"]
[Round "4.3"]
[White "Arabidze, Meri"]
[Black "Tsetskhladze, Mariam"]
[Result "1-0"]
[ECO "A09"]
[WhiteElo "2466"]
[BlackElo "1912"]
[Annotator "TA"]
[PlyCount "57"]
[EventDate "2024.02.08"]
[EventType "tourn"]
[EventCountry "GEO"]
[SourceTitle "playchess.com"]
[Source "ChessBase"]
[SourceQuality "1"]
[TimeControl "40/5400+30:1800+30"]

1. Nf3 d5 2. c4 d4 3. b4 f6 4. d3 e5 5. a3 c5 6. e3 Nc6 7. b5 Nce7 8. exd4 {[%emt 0:02:20] The position is equal.} cxd4 9. a4 Be6 10. Nbd2 Nf5 11. g3 Nd6 (11... Be7 $11) 12. Bg2 $14 Rc8 13. O-O Nf7 14. Nb3 Bb4 {[%emt 0:06:12] [#]} ({Better is} 14... Qd7) 15. Bd2 (15. Rb1 $1 $16 {[%cal Ob3d4] Nbxd4! would now be deadly.} Bc3 16. Nfd2) 15... Bxd2 16. Nfxd2 Qc7 (16... b6 $142) 17. Qf3 Rb8 18. Rfe1 {[%emt 0:02:56] White is more active.} Ne7 19. Qe2 (19. Nxd4 $18 Ng5 20. Qe2 (20. Qh5+ Bf7 $11)) 19... Rd8 20. a5 O-O 21. Ne4 Bc8 22. Nec5 Rfe8 {[%emt 0:02:18] [#]} (22... Rd6 $16 23. Na4 f5) 23. a6 $1 $18 b6 24. Nb7 Rd7 25. c5 {[%emt 0:05:42] Repels Nd6} Nd5 26. Nxd4 {[%emt 0:00:37] Hoping for Nc6.} bxc5 $2 (26... Nf4 {was worth a try.} 27. gxf4 Rxd4) 27. Nc6 Bxb7 (27... Nb4 {might work better.} 28. Nxa7 (28. Nxc5 Rd6 $18) 28... Bxb7 29. axb7 (29. Bxb7 Nd6 $18) 29... e4 30. Bxe4 f5) 28. axb7 Nd8 29. b8=Q {[%emt 0:00:22] Weighted Error Value: White=0.13 (very precise) /Black=0.41.  Mistake:       	White=2     	Black=6      Inaccurate:     	---       	Black=1      OK:         	White=8     	Black=3      Best:        	White=1     	Black=1      Strong:       	White=1     	---} 1-0

[Event "81st Georgian Women-ch 2024"]
[Site "Tbilisi"]
[Date "2024.02.12"]
[Round "4.4"]
[White "Mgeladze, Kesaria"]
[Black "Batsiashvili, Nino"]
[Result "0-1"]
[ECO "B11"]
[WhiteElo "2038"]
[BlackElo "2451"]
[Annotator "RC"]
[PlyCount "96"]
[EventDate "2024.02.08"]
[EventType "tourn"]
[EventCountry "GEO"]
[SourceTitle "playchess.com"]
[Source "ChessBase"]
[SourceQuality "1"]
[TimeControl "40/5400+30:1800+30"]

1. e4 c6 2. Nf3 d5 3. Nc3 dxe4 4. Nxe4 Nf6 5. Qe2 Nxe4 6. Qxe4 Nd7 7. Bc4 Nf6 8. Ne5 e6 9. Qe2 b5 10. Bd3 Qc7 11. a4 Bd6 12. Nxc6 b4 13. Nd4 a6 14. Nf5 Bb7 15. Nxd6+ Qxd6 16. O-O h5 17. Qe3 Rd8 18. Be2 Rh6 19. Bf3 Ng4 20. Bxg4 hxg4 21. Qg3 Qxg3 22. fxg3 Ke7 23. d3 Rh5 24. Bd2 a5 25. Rf4 Rdh8 26. Raf1 f5 27. Kf2 Rxh2 28. Rg1 Bd5 29. c4 Bc6 30. Rd4 e5 31. Bg5+ Ke6 32. Rd8 Bxa4 33. Rd5 Bc6 34. Rxa5 Ra8 35. Rxa8 Bxa8 36. b3 Bc6 37. Bd2 Rh8 38. Re1 Rd8 39. Re3 g5 40. Bxb4 f4 41. gxf4 gxf4 42. Re2 Rxd3 43. Ba5 e4 44. b4 e3+ 45. Ke1 f3 46. gxf3 gxf3 47. Ra2 f2+ 48. Ke2 Rd1 0-1

[Event "81st Georgian Women-ch 2024"]
[Site "Tbilisi"]
[Date "2024.02.12"]
[Round "4.5"]
[White "Donghvani, Nia"]
[Black "Khotenashvili, Bella"]
[Result "1-0"]
[ECO "D85"]
[WhiteElo "2036"]
[BlackElo "2467"]
[Annotator "RC"]
[PlyCount "221"]
[EventDate "2024.02.08"]
[EventType "tourn"]
[EventCountry "GEO"]
[SourceTitle "playchess.com"]
[Source "ChessBase"]
[SourceQuality "1"]
[TimeControl "40/5400+30:1800+30"]

1. c4 Nf6 2. Nc3 d5 3. cxd5 Nxd5 4. e4 Nxc3 5. bxc3 g6 6. d4 Bg7 7. Nf3 c5 8. Bb5+ Nd7 9. O-O O-O 10. a4 Nf6 11. Re1 Bg4 12. Bb2 Qc7 13. h3 Bxf3 14. Qxf3 Rfd8 15. Bf1 e6 16. Rad1 Ne8 17. e5 a6 18. Bc1 Rd7 19. h4 cxd4 20. cxd4 Qa5 21. Qb3 Rc8 22. Bb2 Qd8 23. Re4 Nc7 24. Rc1 Nd5 25. Rxc8 Qxc8 26. h5 Qc6 27. hxg6 hxg6 28. Re1 Qb6 29. Bc4 Qxb3 30. Bxb3 Nb4 31. Rc1 Nc6 32. Rd1 Ne7 33. Kf1 Bf8 34. Ke2 Nd5 35. Bxd5 Rxd5 36. Bc3 Be7 37. Rb1 Rd7 38. f4 g5 39. g3 Kg7 40. Kd3 Kg6 41. Ke4 g4 42. Ba5 f5+ 43. exf6 Bxf6 44. Bb6 Rh7 45. Bc5 Rh2 46. Rb6 Re2+ 47. Kd3 Rg2 48. Rxe6 Kf5 49. Re3 Ra2 50. Re8 Rg2 51. Re3 Ra2 52. Re8 Rxa4 53. Rf8 b5 54. Ke3 Ra1 55. d5 Rd1 56. Ke2 Rxd5 57. Be7 Ke6 58. Bxf6 Rc5 59. Be5 a5 60. Rg8 b4 61. Rxg4 Kd5 62. Kd3 Rc1 63. Rg8 Rd1+ 64. Kc2 Rg1 65. Ra8 Rg2+ 66. Kb1 Kc4 67. Rxa5 Rxg3 68. Ra8 Rg1+ 69. Kb2 Rg2+ 70. Kc1 b3 71. Ra4+ Kb5 72. Rd4 Rc2+ 73. Kb1 Rf2 74. Re4 Ka5 75. Bc3+ Kb5 76. Rb4+ Kc6 77. Be5 Kd5 78. Rxb3 Ke4 79. Rc3 Kf5 80. Rc2 Rf1+ 81. Kb2 Rf3 82. Rc3 Rf1 83. Kb3 Rb1+ 84. Kc4 Ke4 85. Kc5 Rd1 86. Rc4+ Kf5 87. Rd4 Ra1 88. Kd6 Ra7 89. Rc4 Ra6+ 90. Kd7 Ra7+ 91. Bc7 Ra2 92. Rc5+ Kf6 93. Bd8+ Kf7 94. Rf5+ Kg6 95. Rf6+ Kg7 96. Rd6 Kf7 97. f5 Ra7+ 98. Kc6 Ra2 99. f6 Rc2+ 100. Kd7 Ra2 101. Be7 Ra1 102. Rd4 Ra2 103. Kd6 Ra1 104. Ke5 Ra5+ 105. Rd5 Ra1 106. Bb4 Ra7 107. Kf5 Rb7 108. Bc5 Rc7 109. Re5 Rc8 110. Re7+ Kg8 111. Ke4 1-0

[Event "81st Georgian Women-ch 2024"]
[Site "Tbilisi"]
[Date "2024.02.13"]
[Round "5.1"]
[White "Khotenashvili, Bella"]
[Black "Melia, Salome"]
[Result "1-0"]
[ECO "E05"]
[WhiteElo "2467"]
[BlackElo "2355"]
[Annotator "RC"]
[PlyCount "57"]
[EventDate "2024.02.08"]
[EventType "tourn"]
[EventCountry "GEO"]
[SourceTitle "playchess.com"]
[Source "ChessBase"]
[SourceQuality "1"]
[TimeControl "40/5400+30:1800+30"]

1. d4 d5 2. c4 e6 3. Nf3 Nf6 4. g3 Be7 5. Bg2 O-O 6. O-O dxc4 7. Qc2 a6 8. a4 Bd7 9. Nc3 Nc6 10. e4 Nb4 11. Qe2 c5 12. Qxc4 Nc2 13. e5 Nxa1 14. exf6 Bxf6 15. dxc5 Bc6 16. Bf4 Nc2 17. Ne4 Bxe4 18. Qxe4 Nd4 19. Rd1 Nxf3+ 20. Bxf3 Qa5 21. Bd6 Rfd8 22. Qxb7 Qxa4 23. c6 Qc2 24. c7 Rdc8 25. Kg2 g5 26. Qxa8 Rxa8 27. Bxa8 Kg7 28. Rf1 Be7 29. Bb7 1-0

[Event "81st Georgian Women-ch 2024"]
[Site "Tbilisi"]
[Date "2024.02.13"]
[Round "5.2"]
[White "Batsiashvili, Nino"]
[Black "Donghvani, Nia"]
[Result "1-0"]
[ECO "D53"]
[WhiteElo "2451"]
[BlackElo "2036"]
[Annotator "RC"]
[PlyCount "85"]
[EventDate "2024.02.08"]
[EventType "tourn"]
[EventCountry "GEO"]
[SourceTitle "playchess.com"]
[Source "ChessBase"]
[SourceQuality "1"]
[TimeControl "40/5400+30:1800+30"]

1. d4 Nf6 2. c4 e6 3. Nc3 d5 4. Bg5 Be7 5. e3 h6 6. Bh4 Nbd7 7. cxd5 Nxd5 8. Bxe7 Qxe7 9. Nf3 Nxc3 10. bxc3 e5 11. Be2 O-O 12. Rb1 c6 13. O-O e4 14. Nd2 f5 15. Nc4 Kh7 16. f3 Nf6 17. Ne5 Be6 18. Qc2 Rac8 19. fxe4 fxe4 20. Rf4 c5 21. Rbf1 cxd4 22. exd4 Qa3 23. Rxf6 gxf6 24. Qxe4+ f5 25. Qxb7+ Kg8 26. Qf3 Qxc3 27. Qf4 Kh7 28. Bf3 Qc7 29. h4 Bxa2 30. Bh5 Be6 31. Bg6+ Kg7 32. Kh2 Qa5 33. Bh5 Rc3 34. Bf3 Kh7 35. Nc6 Qb5 36. Qd6 Qxf1 37. Qxf8 Rxf3 38. Qe7+ Kh8 39. Qf6+ Kh7 40. Ne5 Ra3 41. Qg6+ Kh8 42. Qxh6+ Kg8 43. Qxe6+ 1-0

[Event "81st Georgian Women-ch 2024"]
[Site "Tbilisi"]
[Date "2024.02.13"]
[Round "5.3"]
[White "Tsetskhladze, Mariam"]
[Black "Mgeladze, Kesaria"]
[Result "0-1"]
[ECO "C04"]
[WhiteElo "1912"]
[BlackElo "2038"]
[Annotator "NA RC"]
[PlyCount "84"]
[EventDate "2024.02.08"]
[EventType "tourn"]
[EventCountry "GEO"]
[SourceTitle "playchess.com"]
[Source "ChessBase"]
[SourceQuality "1"]
[TimeControl "40/5400+30:1800+30"]

1. e4 e6 2. d4 d5 3. Nd2 Nc6 4. Ngf3 Nf6 5. e5 Nd7 6. c3 f6 7. Bb5 fxe5 8. dxe5 Be7 9. O-O O-O 10. Re1 Qe8 11. Nf1 Qf7 12. Qc2 Bc5 13. Be3 Bxe3 14. Rxe3 Nc5 15. b4 Ne4 16. Bd3 Ne7 17. Bxe4 dxe4 18. Ng5 Qf5 19. Nxe4 Qxe5 20. Nc5 Qf5 21. Qd2 b6 22. Ng3 Qd5 23. Rd3 Qc6 24. Nce4 Ba6 25. Re3 Nd5 26. Ree1 Rad8 27. Qb2 Nf4 28. Red1 Nd3 29. Qb3 Bc4 30. Qc2 b5 31. a4 bxa4 32. Rxa4 Bb5 33. Raa1 Nxb4 34. Qb3 Rxd1+ 35. Rxd1 Ba4 36. Qxb4 Bxd1 37. Qd4 Qd5 38. Qe3 Bc2 39. h3 Bxe4 40. Nxe4 a5 41. f3 a4 42. Qa7 Qc6 0-1

[Event "81st Georgian Women-ch 2024"]
[Site "Tbilisi"]
[Date "2024.02.13"]
[Round "5.4"]
[White "Kirtadze, Anastasia"]
[Black "Arabidze, Meri"]
[Result "0-1"]
[ECO "C79"]
[WhiteElo "1981"]
[BlackElo "2466"]
[Annotator "RC"]
[PlyCount "140"]
[EventDate "2024.02.08"]
[EventType "tourn"]
[EventCountry "GEO"]
[SourceTitle "playchess.com"]
[Source "ChessBase"]
[SourceQuality "1"]
[TimeControl "40/5400+30:1800+30"]

1. e4 e5 2. Nf3 Nc6 3. Bb5 a6 4. Ba4 Nf6 5. O-O d6 6. Bxc6+ bxc6 7. Re1 Bg4 8. h3 Bxf3 9. Qxf3 Nd7 10. d3 g6 11. Nc3 Bg7 12. Ne2 O-O 13. g4 Nc5 14. Be3 Ne6 15. Rab1 Qd7 16. Kh1 c5 17. b3 Qe7 18. Qg2 Rae8 19. f4 exf4 20. Nxf4 Nd4 21. Nd5 Qd8 22. g5 Re6 23. Rf1 c6 24. Nf4 Re5 25. h4 f6 26. Bxd4 cxd4 27. Nh3 Qe7 28. Rf2 d5 29. exd5 Rxd5 30. Re2 Re5 31. Rbe1 Rxe2 32. Rxe2 Qd6 33. Qg4 Kh8 34. Kg2 fxg5 35. hxg5 Be5 36. Rf2 Qd5+ 37. Kg1 Rf5 38. Qe4 Qe6 39. Kg2 Kg7 40. Re2 Qd6 41. Rf2 Qe6 42. Re2 Kf7 43. Qh4 Qd5+ 44. Re4 Kg8 45. Qg4 Kg7 46. Kg1 Qc5 47. Qe2 Kf7 48. Rh4 Kg8 49. Re4 Kg7 50. Kg2 a5 51. a4 Kf8 52. Kg1 Qd5 53. Qg4 Kg8 54. Qe2 Kf7 55. Qg4 Ke7 56. Qh4 Qf7 57. Qe1 Kd6 58. Kg2 Qd5 59. Kg1 Kc7 60. Kg2 Kb7 61. Qh4 Rf7 62. Qg4 Rf5 63. Kg1 Kb6 64. Qe2 Bc7 65. Qg2 Qd6 66. Re2 Qa3 67. Qe4 Qc1+ 68. Re1 Qxc2 69. Qxd4+ c5 70. Re6+ Ka7 0-1

[Event "81st Georgian Women-ch 2024"]
[Site "Tbilisi"]
[Date "2024.02.13"]
[Round "5.5"]
[White "Lomaia, Diana"]
[Black "Javakhishvili, Lela"]
[Result "0-1"]
[ECO "A57"]
[WhiteElo "2037"]
[BlackElo "2433"]
[Annotator "TA"]
[PlyCount "90"]
[EventDate "2024.02.08"]
[EventType "tourn"]
[EventCountry "GEO"]
[SourceTitle "playchess.com"]
[Source "ChessBase"]
[SourceQuality "1"]
[TimeControl "40/5400+30:1800+30"]

1. d4 Nf6 2. c4 c5 3. d5 b5 4. Qc2 b4 5. e4 d6 6. Nf3 g6 7. Bd3 Bg7 8. O-O O-O 9. h3 {[%emt 0:01:04] The position is equal.} e6 10. dxe6 Bxe6 11. Bf4 Nc6 12. Rd1 Nh5 13. Bh2 Nd4 14. Nxd4 Bxd4 15. e5 {[%emt 0:13:20] [#] Against Qf6} dxe5 {[%emt 0:03:39] Black has more active pieces. The white rooks are passive.} (15... Qg5 $142 $1 16. Qd2 Qxd2 17. Nxd2 dxe5 (17... Bxb2 $2 18. exd6 Bxa1 19. Rxa1 $17)) 16. Be4 {[%emt 0:04:25] [#]} (16. Nd2 $17) 16... Qg5 $1 $36 {[%emt 0:10:14][%cal Oe6h3][%mdl 2048] Keeping White busy.} 17. Bxa8 Rxa8 18. Kh1 Qh4 (18... Nf4 $19 19. Qe4 Rd8 20. Bxf4 Qxf4 (20... exf4 21. Nd2 $17) 21. Qxf4 exf4) 19. Rf1 (19. Qe2 $17) 19... Nf4 20. Bg3 (20. Qe4 $17 Rf8 21. Nd2) 20... Qh6 (20... Qh5 $19 {[%cal Oe6h3] Hoping for ...Bxh3!} 21. Bxf4 Bf5 (21... exf4 $2 22. Qe4 $19)) 21. Bxf4 (21. h4 $17) 21... Qxf4 22. Qe2 {[%emt 0:05:28] White is weak on the dark squares} Rd8 23. Nd2 Bxb2 24. Rad1 Bd4 25. Nb3 Rc8 26. Na5 h5 27. Qd2 Qf6 28. Qe2 Qh4 29. Kh2 e4 30. f4 $2 (30. Kg1 {might work better.}) 30... e3 {[%emt 0:03:16] aiming for ...Bg4.} 31. Qe1 (31. Nb3 $142 Bg4 32. Qe1 Qxe1 33. Rdxe1) 31... Qd8 {[%emt 0:01:27] Black is clearly winning.} 32. Nb3 Bxc4 {[%emt 0:00:09] A strong pair of Bishops.} 33. Rf3 Qf6 34. Rc1 Bxb3 35. axb3 a5 36. Qe2 {[%emt 0:00:58] [#]} a4 $1 37. bxa4 b3 38. Qc4 b2 39. Rb1 Qe6 40. Qe2 c4 {[%emt 0:00:00] And now ...c3 would win.} 41. f5 Qe5+ 42. Kh1 Qe4 43. Rff1 Qd3 44. Qe1 Bc3 45. Qh4 e2 {[%emt 0:00:11] Weighted Error Value: White=0.80/Black=0.28 (precise) .  Mistake:       	White=7     	Black=3      Inaccurate:     	White=3     	Black=1      OK:         	White=9     	Black=16     Brilliant:      	---       	Black=1} 0-1

[Event "81st Georgian Women-ch 2024"]
[Site "Tbilisi"]
[Date "2024.02.15"]
[Round "6.1"]
[White "Melia, Salome"]
[Black "Javakhishvili, Lela"]
[Result "1/2-1/2"]
[ECO "C67"]
[WhiteElo "2355"]
[BlackElo "2433"]
[Annotator "TA"]
[PlyCount "37"]
[EventDate "2024.02.08"]
[EventType "tourn"]
[EventCountry "GEO"]
[SourceTitle "playchess.com"]
[Source "ChessBase"]
[SourceQuality "1"]
[TimeControl "40/5400+30:1800+30"]

1. e4 e5 2. Nf3 Nc6 3. Bb5 Nf6 4. O-O Nxe4 5. Re1 Nd6 6. Nxe5 Nxe5 7. Rxe5+ Be7 8. Bf1 O-O 9. d4 Bf6 10. Re1 {[%emt 0:00:10] The position is equal.} Re8 11. Bf4 Rxe1 12. Qxe1 Ne8 13. c3 d5 14. Bd3 g6 15. Nd2 Ng7 16. Qe2 c6 17. Re1 Bf5 18. Bxf5 Nxf5 19. Nf3 {[%emt 0:02:01] An uneventful encounter.   Weighted Error Value: White=0.03 (flawless) /Black=0.01 (flawless) .  OK:         	White=5     	Black=5} 1/2-1/2